 Dungeon Crawl Stone Soup version 0.29.0-4-gdea44cf6ec (webtiles) character file.

Game seed: 11938204315827673557

45 qw the Chopper (level 3, 0/21 HPs)
             Began as a Tengu Warper on Aug 29, 2022.
             Succumbed to an adder's poison
             ... on level 2 of the Dungeon.
             The game lasted 00:00:45 (1255 turns).

qw the Chopper (Tengu Warper)                       Turns: 1255, Time: 00:00:47

Health: 0/21       AC:  5    Str: 17    XL:     3   Next: 64%
Magic:  7/7        EV: 11    Int: 12    God:
Gold:   69         SH:  0    Dex: 12    Spells: 6/6 levels left

rFire   . . .      SeeInvis .   Y - +0 hand axe
rCold   . . .      Faith    .   (no shield)
rNeg    . . .      Spirit   .   h - +0 ring mail
rPois   .          Reflect  .   (helmet restricted)
rElec   .          Harm     .   (no cloak)
rCorr   .          Rampage  .   (no gloves)
Will    .....                   (boots unavailable)
Stlth   +.........              (no amulet)
HPRegen 0.07/turn               (no ring)
MPRegen 0.10/turn               (no ring)

@: lethally poisoned (0 -> -4)
A: beak, talons 3, antennae 1, deterioration 1, strong 1
a: no special abilities


You were on level 2 of the Dungeon.
You visited 1 branch of the dungeon, and saw 2 of its levels.

You collected 69 gold pieces.


Innate Abilities, Weirdness & Mutations

You have a beak for a mouth.
You have claws for feet.
You have a pair of small antennae on your head.
Your body sometimes deteriorates upon taking damage.
Your muscles are strong. (Str +4, Int/Dex -1)


   Skills:
 - Level 2.0 Fighting
 + Level 4.3 Axes
 - Level 1.0 Throwing
 - Level 1.1 Armour
 - Level 2.1 Dodging
 - Level 2.0 Spellcasting
 - Level 2.4 Translocations


You had 6 spell levels left.
You didn't know any spells.
Your spell library contained the following spells:

 Spells                   Type           Power      Damage    Failure   Level
 Blink                    Tloc           12%        N/A       28%         2
 Gell's Gravitas          Tloc           6%         N/A       50%         3
 Lesser Beckoning         Tloc           6%         N/A       50%         3
 Teleport Other           Tloc           6%         N/A       50%         3
 Manifold Assault         Tloc           6%         N/A       99%         5

Inventory:

Hand Weapons
 f - a +0 club
 Y - a +0 hand axe (weapon)
Armour
 a - a +0 plate armour
 h - a +0 ring mail (worn)
Potions
 e - a potion of brilliance {unknown}
 g - 2 potions of mutation
 k - a potion of curing {unknown}

Dungeon Overview and Level Annotations

Branches:
Dungeon (2/15)

Altars:


Message History

You hit the hobgoblin.
You kill the hobgoblin!
You hit the adder.
The adder is lightly wounded.
The adder closely misses you.
You hit the adder. Your kick misses the adder. Your peck misses the adder.
The adder is heavily wounded.
The adder closely misses you. The adder barely misses you.
You miss the adder. Your kick misses the adder.
The adder is heavily wounded.
The adder bites you.
You are poisoned.
The adder poisons you!
You completely miss the adder. Your kick misses the adder.
Your peck misses the adder.
The adder is heavily wounded.
You feel sick. The adder bites you but does no damage.
The adder barely misses you.
You miss the adder. Your peck misses the adder.
The adder is heavily wounded.
You feel sick. The adder misses you.
You closely miss the adder.
The adder is heavily wounded.
You feel sick. The adder bites you.
You are lethally poisoned!
The adder poisons you! The adder barely misses you.
You barely miss the adder.
The adder is heavily wounded.
You feel sick. The adder barely misses you.
You closely miss the adder. Your kick misses the adder.
The adder is heavily wounded.
You feel sick. The adder bites you but does no damage.
You slash the adder!
You kill the adder!
You feel sick.
You barely miss the rat. You claw the rat.
You kill the rat!
You feel sick.
There is a lethal amount of poison in your body!
You die...

###.. .. .#.. .....
#...#.. #..# #...
$...... #..# #...
#...#.. #..# #...
#.....? ##.. #...
#...... ... #...
......$###### #.# #...
#......@....###.#####.##
......................#
###........####.#######
.......................
.##.##.###.####.#######
...........%.......<#
.#####.#.#.####.######
#.#...# ### #####


There were no monsters in sight!

Vanquished Creatures
  An adder (D:2)
  A worm (D:2)
  A dart slug (D:2)
  3 endoplasms (D:1)
  4 goblins
  4 hobgoblins
  4 jackals (D:1)
  2 quokkas (D:1)
  2 bats (D:2)
  3 kobolds (D:1)
  3 rats (D:2)
28 creatures vanquished.

Notes
Turn   | Place    | Note
-------+----------+-------------------------------------------
     0 | D:1      | qw the Tengu Warper began the quest for the Orb.
     0 | D:1      | Reached XP level 1. HP: 12/12 MP: 4/4
     0 | D:1      | 0 ||| qw: Version: 0.1-a-89-g26bdef1
     0 | D:1      | 0 ||| qw: Game counter: 3620
     0 | D:1      | 0 ||| qw: Always use a shield: true
     0 | D:1      | 0 ||| qw: God list: Okawaru
     0 | D:1      | 0 ||| qw: Allow faded altars: false
     0 | D:1      | 0 ||| qw: Do Orc after D:15 true
     0 | D:1      | 0 ||| qw: Do second Lair branch before Depths: true
     0 | D:1      | 0 ||| qw: Lair rune preference: random
     0 | D:1      | 0 ||| qw: Plans: Normal
     0 | D:1      | 0 ||| PLANNING D:1-11
    49 | D:1      | 49 ||| Stepping ~*~*~tactically~*~*~ (stealth).
    92 | D:1      | 92 ||| Stepping ~*~*~tactically~*~*~ (stealth).
   185 | D:1      | Reached XP level 2. HP: 17/17 MP: 6/6
   186 | D:1      | 186 ||| Stepping ~*~*~tactically~*~*~ (stealth).
   207 | D:1      | Reached skill level 3 in Axes
   298 | D:1      | 298 ||| Stepping ~*~*~tactically~*~*~ (stealth).
   300 | D:1      | 300 ||| Stepping ~*~*~tactically~*~*~ (stealth).
   303 | D:1      | 303 ||| Stepping ~*~*~tactically~*~*~ (stealth).
   305 | D:1      | 305 ||| Stepping ~*~*~tactically~*~*~ (stealth).
   307 | D:1      | 307 ||| Stepping ~*~*~tactically~*~*~ (stealth).
   309 | D:1      | 309 ||| Stepping ~*~*~tactically~*~*~ (stealth).
   351 | D:1      | 351 ||| Stepping ~*~*~tactically~*~*~ (stealth).
   758 | D:1      | 758 ||| UPGRADING to +0 ring mail.
   768 | D:1      | 768 ||| DROPPING +0 leather armour.
   769 | D:1      | 769 ||| READING scroll labelled BOXEAREOLL.
   770 | D:1      | 770 ||| READING scroll labelled NIRIOT OVIACIPAV.
   909 | D:1      | 909 ||| READING scroll labelled YRAECZEANO.
   910 | D:1      | 910 ||| DRINKING 3 bubbling inky potions.
   910 | D:1      | Gained mutation: Your body sometimes deteriorates upon
                  | taking damage. [potion of mutation]
   910 | D:1      | Gained mutation: Your muscles are strong. (Str +4, Int/Dex
                  | -1) [potion of mutation]
   910 | D:1      | Gained mutation: You have a pair of small antennae on your
                  | head. [potion of mutation]
   911 | D:1      | 911 ||| DROPPING scroll of blinking.
  1051 | D:2      | Reached XP level 3. HP: 21/21 MP: 7/7
  1052 | D:2      | 1052 ||| Stepping ~*~*~tactically~*~*~ (stealth).
  1053 | D:2      | 1053 ||| Stepping ~*~*~tactically~*~*~ (stealth).
  1235 | D:2      | 1235 ||| Stepping ~*~*~tactically~*~*~ (hiding).
  1241 | D:2      | Reached skill level 4 in Axes
  1252 | D:2      | HP: 4/21 [poisoned by an adder]
  1254 | D:2      | HP: 1/21 [poisoned by an adder]
  1255 | D:2      | Succumbed to an adder's poison

Levels and vault maps discovered:
D:1:      lemuel_arrival_cross, layout_basic
D:2:      layout_basic, due_unseen_surprise

Skill      XL: |  1  2  3 |
---------------+----------+-----
Axes           | 3 4 |  4.3
Fighting       | |  2.0
Throwing       | |  1.0
Armour         | |  1.1
Dodging        | |  2.1
Spellcasting   | |  2.0
Translocations | |  2.4

Action                   || total
-------------------------++-------
Melee: Hand axe          ||    56
       Kick              ||    13
       Peck              ||     7
Throw: Boomerang         ||     7
  Use: Scroll            ||     3
       Potion            ||     1
Armor: Ring mail         ||    10
       Leather armour    ||     4
Dodge: Dodged            ||    32

Table legend:
 A = Non-vault XP
 B = Vault XP
 C = Vault XP percentage of total XP
 D = Non-vault monster count
 E = Vault monster count
 F = Vault count percentage of total count
                 A         B        C        D         E       F
            +---------+---------+-------+---------+---------+-------
      Total |      65 |       0 |   0.0 |      28 |       0 |   0.0
            +---------+---------+-------+---------+---------+-------
        D:1 |      32 |       0 |   0.0 |      17 |       0 |   0.0
        D:2 |      33 |       0 |   0.0 |      11 |       0 |   0.0
            +---------+---------+-------+---------+---------+-------
